 Dungeon Sprint DCSS version 0.18-a0-1805-g8ab820f (webtiles) character file.

21625 Kidiri the Unseen (level 12, -10/63 HPs)
             Began as a Spriggan Enchanter on Apr 25, 2016.
             Was the Champion of Dithmenos.
             Mangled by a sphinx (24 damage)
             ... while paralysed by a sphinx
             ... in the Dungeon (Sprint II: "The Violet Keep of Menkaure").
             The game lasted 00:16:44 (2360 turns).

Kidiri the Unseen (Spriggan Enchanter)              Turns: 2360, Time: 00:16:45

Health: -10/63     AC:  4    Str:  4    XL:     12   Next: 55%
Magic:  27/31      EV:  4    Int: 19    God:    Dithmenos [******]
Gold:   1600       SH:  0    Dex: 23    Spells: 8 memorised, 12 levels left

rFire  . . .     SeeInvis +     r - +1 short sword (freeze)
rCold  . . .     Gourm    .     b - +1 robe
rNeg   . . .     Faith    .     (shield restricted)
rPois  .         Spirit   .     (helmet restricted)
rElec  .         Dismiss  .     n - +0 cloak
rCorr  .         Reflect  .     (gloves unavailable)
SustAt .         Harm     .     (boots unavailable)
MR     ++...     NoTele   +     (no amulet)
Stlth  ++++++++++               (no ring)
                                l - +4 ring of dexterity

@: paralysed, flying, wreathed by umbra, very quick, very resistant to hostile
enchantments, uncannily stealthy
A: unfitting armour, see invisible, herbivore 3, speed 3, slow metabolism 2
a: Shadow Step, Shadow Form, Renounce Religion


You were in the Dungeon.
You worshipped Dithmenos.
Dithmenos was exalted by your worship.
You were not hungry.

You visited 1 branch You collected 2365 gold pieces.
You spent 765 gold pieces at shops.

Inventory:

Hand Weapons
 a - a +1 dagger
 r - a +1 short sword of freezing (weapon)
Missiles
 c - 2 throwing nets (quivered)
Armour
 b - a +1 robe (worn)
 n - a +0 cloak (worn)
Jewellery
 l - a +4 ring of dexterity (left hand)
Scrolls
 f - 3 scrolls of remove curse
 j - 3 scrolls of blinking
 o - a scroll of random uselessness {unknown}
 p - a scroll of immolation {unknown}
 s - a scroll of enchant weapon {unknown}
 v - a scroll of fear {unknown}
 x - 3 scrolls of enchant armour {unknown}
 y - a scroll of amnesia {unknown}
 z - a scroll of recharging {unknown}
Potions
 e - 2 potions of curing
 g - 2 potions of haste
 h - 2 potions of magic
 i - 5 potions of flight
 k - 3 potions of resistance
 m - 2 potions of ambrosia
 q - a potion of lignification
 t - a potion of agility
 w - a potion of might
Comestibles
 d - a bread ration
 u - a slice of pizza


   Skills:
 + Level 7.4 Fighting
 * Level 13.1 Short Blades
 + Level 6.7 Armour
 * Level 16.6 Dodging
 * Level 18.3 Stealth
 * Level 14.3 Spellcasting
 + Level 5.7 Conjurations
 + Level 10.9 Hexes
 + Level 6.4 Ice Magic
 * Level 9.1 Air Magic
 + Level 6.7 Poison Magic
 + Level 6.8 Invocations


You had 12 spell levels left.
You knew the following spells:

 Your Spells              Type           Power        Failure   Level  Hunger
a - Corona                Hex            ######.      1%          1    None
b - Ensorcelled Hibernat  Hex/Ice        #####.       1%          2    None
c - Confuse               Hex            ######..     1%          3    None
d - Tukima's Dance        Hex            ######..     1%          3    None
e - Dazzling Spray        Conj/Hex       #####...     1%          3    None
f - Mephitic Cloud        Conj/Pois/Air  #####...     1%          3    None
g - Freezing Cloud        Conj/Ice/Air   #####.....   41%         6    #####..
h - Poisonous Cloud       Conj/Pois/Air  #####.....   41%         6    #####..


Dungeon Overview and Level Annotations

Branches:
Dungeon (1/1)

Altars:
Cheibriados
Dithmenos
Elyvilon
Fedhas
Gozag
Kikubaaqudgha
Makhleb
Nemelex Xobeh
Okawaru
Pakellas
Qazlal
Ru
Sif Muna
Trog
Vehumet
Xom
Yredelemnul
Zin
The Shining One
Beogh
Jiyva
Lugonu

Shops:
D :=!([[}(%!*=?*:}

Annotations:
D exclusion: oklob plant, Roxanne


Innate Abilities, Weirdness & Mutations

You are tiny and cannot use many weapons and most armour.
You have supernaturally acute eyesight.
You are a herbivore.
You cover ground extremely quickly.
You need consume almost no food.


Message History

Press: ? - help, Shift-Dir - straight line, f - sphinx
Aim: a sphinx (umbra, chance to defeat MR: 36%)
The sphinx easily resists.
The sphinx hits you. The sphinx hits you but does no damage.
The sphinx hits you!
Casting: Ensorcelled Hibernation
Confirm with . or Enter, or press ? or * to list all spells.
Okay, then.
Casting: Ensorcelled Hibernation
Confirm with . or Enter, or press ? or * to list all spells.
Aiming: Confuse
Press: ? - help, Shift-Dir - straight line, f/p - sphinx
Aim: a sphinx (umbra, chance to defeat MR: 39%)
The sphinx resists with some effort.
The sphinx casts a spell.
You suddenly lose the ability to move!
The sphinx hits you!
You emit a cloud of dark smoke.
The sphinx hits you!
You emit a cloud of dark smoke.
The sphinx hits you!
* * * LOW HITPOINT WARNING * * *
The sphinx hits you!!
You die...

#▓.)[(...[▓▓...▓§▓ ▓≈..§▓
#▓▓▓▓▓▓▓+▓▓▓▓+▓▓§▓▓▓≈§§§▓
≈≈≈≈≈≈≈≈...≈≈≈▓§§§(§§§.#
######[###.≈≈≈▓§§§§§§.##
.._._#≈§§##≈≈≈▓§§(.§§##
._._.#≈§§§####▓▓▓▓▓≈##
_._._#≈§§≈≈##..#$$▓§#
._._.#§§≈§≈≈#..#§§▓≈#
_._._#§≈§§≈≈§..§@§▓≈#
._._.#≈§§≈§§#..#§H▓≈#
_._..#≈§§§§§▓..#$§▓≈#
._...#≈§≈§▓▓▓▓▓▓▓▓▓≈#
######≈§≈≈▓...≈≈≈≈≈≈#
≈≈≈≈≈§§§≈≈▓...≈≈≈≈≈≈#
######≈▓▓▓▓▓▓▓▓▓≈≈≈≈# #▓▓
§§§§.▓▓≈≈≈# §.§§§§▓▓≈≈#


You could see a sphinx.

Vanquished Creatures
  A hellephant (D)
  A deep elf blademaster (D)
  A kraken (D)
  A deep elf master archer (D)
  A sphinx (D)
  A draconian shifter (D)
  A fire dragon (D)
  A crystal guardian (D)
  A death yak (D)
  Sonja (D)
  A giant orange brain (D)
  2 death drakes (D)
  2 deep trolls (D)
  A harpy (D)
  An eye of devastation (D)
  A yaktaur (D)
  3 polar bears (D)
  2 boulder beetles (D)
  2 redbacks (D)
  17 flying skulls (D)
  2 hippogriffs (D)
  Menkaure (D)
  2 swamp drakes (D)
  4 necrophages (D)
  A wasp (D)
  4 crocodiles (D)
  A scorpion (D)
  3 worms (D)
60 creatures vanquished.

Vanquished Creatures (others)
  4 tentacles (D)
4 creatures vanquished.

Grand Total: 64 creatures vanquished

Notes
Turn   | Place    | Note
--------------------------------------------------------------
     0 | D        | Kidiri the Spriggan Enchanter began the quest for the Orb.
     0 | D        | Reached XP level 1. HP: 9/9 MP: 5/5
     1 | D        | Noticed a hippogriff
     1 | D        | Noticed a hippogriff
     4 | D        | Noticed a necrophage
     4 | D        | Noticed a necrophage
     4 | D        | Noticed a necrophage
     4 | D        | Noticed a necrophage
     9 | D        | Killed a necrophage
     9 | D        | Reached skill level 1 in Fighting
     9 | D        | Reached skill level 1 in Armour
     9 | D        | Reached skill level 5 in Dodging
     9 | D        | Reached skill level 7 in Stealth
     9 | D        | Reached XP level 2. HP: 15/15 MP: 4/8
     9 | D        | Reached XP level 3. HP: 18/18 MP: 5/10
     9 | D        | Reached XP level 4. HP: 23/23 MP: 5/11
    14 | D        | Killed a necrophage
    14 | D        | Reached skill level 5 in Short Blades
    14 | D        | Reached skill level 8 in Stealth
    14 | D        | Reached skill level 5 in Hexes
    14 | D        | Reached XP level 5. HP: 27/27 MP: 5/14
    22 | D        | Killed a necrophage
    22 | D        | Reached skill level 9 in Stealth
    29 | D        | Found Amumom's Gadget Shop.
    30 | D        | Found Jiunenor's Magic Scroll Boutique.
    30 | D        | Found Den Samn's Jewellery Shop.
    30 | D        | Found Uvves's Antique Armour Boutique.
    30 | D        | Found Yscher's Food Boutique.
    30 | D        | Found Sissy's Antique Armour Shop.
    30 | D        | Found Goibionn's Antique Weapon Shop.
    30 | D        | Found Zurizam's General Store.
    30 | D        | Found Gautuq's Weapon Boutique.
    30 | D        | Found Ritautha's Assorted Antiques.
    30 | D        | Found Uliozuath's Gadget Boutique.
    83 | D        | Learned a level 3 spell: Confuse
    88 | D        | Killed a necrophage
    88 | D        | Reached skill level 10 in Stealth
    88 | D        | Reached XP level 6. HP: 26/30 MP: 5/17
    94 | D        | Learned a level 2 spell: Ensorcelled Hibernation
    98 | D        | Learned a level 3 spell: Tukima's Dance
   102 | D        | Learned a level 3 spell: Dazzling Spray
   170 | D        | Noticed a boulder beetle
   170 | D        | Noticed a boulder beetle
   204 | D        | Killed a hippogriff
   204 | D        | Reached skill level 1 in Ice Magic
   211 | D        | Killed a hippogriff
   211 | D        | Reached skill level 11 in Stealth
   211 | D        | Reached skill level 1 in Conjurations
   211 | D        | Reached XP level 7. HP: 30/35 MP: 15/19
   217 | D        | Noticed Roxanne
   219 | D        | Noticed Menkaure
   225 | D        | Killed Menkaure
   225 | D        | Reached skill level 10 in Dodging
   226 | D        | Found Eproliq's Book Boutique.
   430 | D        | Killed a boulder beetle
   441 | D        | Killed a boulder beetle
   441 | D        | Reached skill level 12 in Stealth
   441 | D        | Reached XP level 8. HP: 36/40 MP: 5/22
   444 | D        | Noticed an ice statue
   451 | D        | Found Luxilud's Distillery.
   461 | D        | Found Obivys's Distillery.
   461 | D        | Found Sawnam's Jewellery Boutique.
   462 | D        | Noticed an iron elemental
   465 | D        | Noticed an oklob plant
   466 | D        | Found Asocof's Book Shoppe.
   467 | D        | Noticed a griffon
   468 | D        | Noticed a griffon
   473 | D        | Noticed a griffon
   497 | D        | Bought a book of Clouds for 495 gold pieces
   501 | D        | Learned a level 3 spell: Mephitic Cloud
   508 | D        | Learned a level 6 spell: Freezing Cloud
   512 | D        | Bought a +4 ring of dexterity for 270 gold pieces
   538 | D        | Found a shimmering altar of Xom.
   539 | D        | Found a viscous altar of Jiyva.
   540 | D        | Found an opulent altar of Gozag.
   540 | D        | Found a white marble altar of Elyvilon.
   540 | D        | Found a shadowy altar of Dithmenos.
   541 | D        | Found a basalt altar of Yredelemnul.
   541 | D        | Found a radiant altar of Vehumet.
   541 | D        | Found a sparkling altar of Nemelex Xobeh.
   542 | D        | Found a deep blue altar of Sif Muna.
   542 | D        | Found a roughly hewn altar of Beogh.
   542 | D        | Found a sacrificial altar of Ru.
   543 | D        | Found a bloodstained altar of Trog.
   543 | D        | Found a blossoming altar of Fedhas.
   544 | D        | Found a stormy altar of Qazlal.
   545 | D        | Found a glowing golden altar of the Shining One.
   545 | D        | Found a burning altar of Makhleb.
   545 | D        | Found an ancient bone altar of Kikubaaqudgha.
   545 | D        | Found an oddly glowing altar of Pakellas.
   545 | D        | Found a glowing silver altar of Zin.
   545 | D        | Found a corrupted altar of Lugonu.
   545 | D        | Noticed a polar bear
   546 | D        | Found an iron altar of Okawaru.
   546 | D        | Found a snail-covered altar of Cheibriados.
   546 | D        | Noticed a yaktaur
   554 | D        | Became a worshipper of Dithmenos the Shadowed
   564 | D        | Noticed a polar bear
   564 | D        | Noticed a polar bear
   570 | D        | Killed a polar bear
   570 | D        | Reached skill level 1 in Air Magic
   575 | D        | Reached skill level 1 in Poison Magic
   575 | D        | Reached skill level 1 in Invocations
   589 | D        | Killed a polar bear
   589 | D        | Reached * piety under Dithmenos
   596 | D        | Killed a polar bear
   603 | D        | Killed a yaktaur
   603 | D        | Reached skill level 13 in Stealth
   603 | D        | Reached skill level 10 in Spellcasting
   603 | D        | Reached XP level 9. HP: 35/44 MP: 3/24
   620 | D        | Noticed a death yak
   629 | D        | Noticed a fire dragon
   630 | D        | Killed a fire dragon
   630 | D        | Reached ** piety under Dithmenos
   630 | D        | Reached skill level 5 in Fighting
   642 | D        | Noticed a deep elf master archer
   735 | D        | Killed a deep elf master archer
   735 | D        | Reached *** piety under Dithmenos
   735 | D        | Reached skill level 10 in Short Blades
   735 | D        | Reached skill level 5 in Armour
   735 | D        | Reached skill level 14 in Stealth
   735 | D        | Reached skill level 5 in Air Magic
   735 | D        | Reached XP level 10. HP: 49/49 MP: 21/26
   744 | D        | Learned a level 6 spell: Poisonous Cloud
   761 | D        | Noticed a death drake
   773 | D        | Killed a death drake
   782 | D        | Noticed a crystal guardian
   800 | D        | Noticed a death drake
   826 | D        | Killed a crystal guardian
   826 | D        | Reached **** piety under Dithmenos
   826 | D        | Reached skill level 15 in Stealth
   909 | D        | Killed a death drake
   955 | D        | Killed a death yak
  1043 | D        | Noticed a kraken
  1186 | D        | Killed a kraken
  1186 | D        | Reached skill level 16 in Stealth
  1186 | D        | Reached skill level 5 in Ice Magic
  1186 | D        | Reached XP level 11. HP: 38/56 MP: 21/28
  1203 | D        | Reached ***** piety under Dithmenos
  1242 | D        | Noticed a deep troll
  1243 | D        | Noticed a deep troll
  1245 | D        | Killed a deep troll
  1245 | D        | Reached skill level 5 in Poison Magic
  1262 | D        | Killed a deep troll
  1262 | D        | Reached skill level 5 in Invocations
  1490 | D        | Noticed a black draconian shifter
  1491 | D        | Noticed Sonja
  1491 | D        | Noticed a hellephant
  1492 | D        | Noticed a giant orange brain
  1501 | D        | Killed a hellephant
  1501 | D        | Reached skill level 15 in Dodging
  1501 | D        | Reached skill level 10 in Hexes
  1508 | D        | Killed Sonja
  1508 | D        | Reached skill level 5 in Conjurations
  1509 | D        | Killed a giant orange brain
  1521 | D        | Killed a black draconian shifter
  1521 | D        | Reached skill level 17 in Stealth
  1631 | D        | Noticed a deep elf blademaster
  1635 | D        | Noticed a harpy
  1636 | D        | Killed a deep elf blademaster
  1636 | D        | Reached XP level 12. HP: 63/63 MP: 25/30
  1758 | D        | Reached ****** piety under Dithmenos
  1813 | D        | Reached skill level 18 in Stealth
  2353 | D        | Noticed a sphinx
  2353 | D        | Noticed a sphinx
  2356 | D        | Killed a sphinx
  2358 | D        | Paralysed by a sphinx for 5 turns
  2360 | D        | Mangled by a sphinx

Vault maps used:
D:        the_violet_keep_of_menkaure

Skill      XL: |  1  2  3  4  5  6  7  8  9 10 11 12 |
---------------+-------------------------------------+-----
Fighting       | 1 2 3 4 5 6 7 |  7.4
Short Blades   | 3 5 6 7 8 9 10 11 12 13 | 13.1
Armour         | 1 2 3 4 5 6 |  6.7
Dodging        | 5 7 8 9 10 11 13 14 15 16 | 16.6
Stealth        | 7 8 10 11 12 13 14 16 17 18 | 18.3
Spellcasting   | 4 6 7 8 9 10 11 12 13 14 | 14.3
Hexes          | 4 5 6 7 8 9 10 | 10.9
Ice Magic      | 1 2 3 4 5 6 |  6.4
Conjurations   | 1 2 3 4 5 |  5.7
Air Magic      | 2 5 6 8 9 |  9.1
Poison Magic   | 2 3 4 6 |  6.7
Invocations    | 1 3 4 6 |  6.8

Action                   |  1- 3 |  4- 6 |  7- 9 | 10-12 || total
-------------------------+-------+-------+-------+-------++-------
Melee: Dagger            |     3 |    22 |    41 |    17 ||    83
       Short sword       |       |       |       |    89 ||    89
 Cast: Corona            |     1 |       |       |       ||     1
       Confuse           |       |     3 |     9 |    18 ||    30
       Ensorcelled Hiber |       |     2 |     5 |    14 ||    21
       Dazzling Spray    |       |       |     3 |    47 ||    50
       Mephitic Cloud    |       |       |       |     2 ||     2
Invok: Shadow Step       |       |       |       |     4 ||     4
  Use: Potion            |     1 |       |       |     9 ||    10
       Scroll            |       |       |       |     6 ||     6
 Stab: Confused          |       |     1 |     8 |    13 ||    22
       Sleeping          |       |     5 |     8 |    14 ||    27
       Invisible         |       |       |     2 |     2 ||     4
       Distracted        |       |       |       |     2 ||     2
Armor: Robe              |       |       |       |     4 ||     4
Dodge: Dodged            |     2 |    19 |    25 |   168 ||   214
